 Dungeon Crawl Stone Soup version 0.21-a0-616-g6d9b277d69 (console) character file.

439 Harunobu the Sneak (level 6, -2/29 HPs)
             Began as a Spriggan Enchanter on Dec 23, 2017.
             Slain by katzbalger's ghost (14 damage)
             ... on level 4 of the Dungeon.
             The game lasted 00:12:41 (5918 turns).

Harunobu the Sneak (Spriggan Enchanter)             Turns: 5918, Time: 00:12:42

Health: -2/29      AC:  2    Str:  6    XL:     6   Next: 70%
Magic:  10/13      EV: 20    Int: 17    God:
Gold:   195        SH:  0    Dex: 16    Spells: 10/13 levels left

rFire    . . .     SeeInvis +   a - +1 dagger
rCold    . . .     Gourm    .   (shield restricted)
rNeg     . . .     Faith    .   k - +0 robe
rPois    .         Spirit   .   (helmet restricted)
rElec    .         Reflect  .   (no cloak)
rCorr    .         Harm     .   (gloves unavailable)
MR       +....                  (boots unavailable)
Stlth    ++++......             (no amulet)
HPRegen  0.09/turn              r - ring of wizardry
MPRegen  0.13/turn              (no ring)

@: very quick
A: very small, unfitting armour, see invisible, herbivore, speed 3, slow
metabolism 2
a: no special abilities


You were on level 4 of the Dungeon.
You were very hungry.

You visited 1 branch of the dungeon, and saw 4 of its levels.

You collected 195 gold pieces.

Inventory:

Hand Weapons
 a - a +1 dagger (weapon)
Armour
 k - a +0 robe (worn)
 q - a +0 robe
Jewellery
 r - a ring of wizardry (left hand)
Scrolls
 b - a scroll of magic mapping {unknown}
 h - 4 scrolls of identify
 i - 2 scrolls of blinking
 l - a scroll of remove curse
 p - 3 scrolls of fog {unknown}
 t - 3 scrolls of teleportation {unknown}
Potions
 e - 3 potions of might {unknown}
 f - 2 potions of curing
 g - a potion of heal wounds {unknown}
 j - a potion of haste {unknown}
 m - 3 potions of flight {unknown}
 n - a potion of degeneration {unknown}
 o - a potion of invisibility {unknown}
 u - a potion of lignification {unknown}
Books
 c - a book of Maledictions

   Spells                             Type                      Level
   a - Corona                         Hexes                        1
   b - Ensorcelled Hibernation        Hexes/Ice                    2
   c - Confuse                        Hexes                        3
   d - Tukima's Dance                 Hexes                        3
   e - Dazzling Spray                 Conjuration/Hexes            3
Comestibles
 d - 3 rations


   Skills:
 + Level 0.3 Fighting
 + Level 2.0 Short Blades
 + Level 4.4 Dodging
 + Level 7.6 Stealth
 + Level 4.3 Spellcasting
 + Level 5.0 Hexes
 + Level 1.9 Ice Magic


You had 10 spell levels left.
You knew the following spells:

 Your Spells              Type           Power        Failure   Level  Hunger
a - Corona                Hex            ###....      1%          1    None
b - Ensorcelled Hibernat  Hex/Ice        ###...       2%          2    ##.....


Dungeon Overview and Level Annotations

Branches:
Dungeon (4/15)
 Temple: D:4-7

Altars:
Sif Muna

Annotations:
D:4 Robin; katzbalger's ghost, amateur FeCK


Innate Abilities, Weirdness & Mutations

You are very small and have problems with some larger weapons.
You are too small for most types of armour.
You have supernaturally acute eyesight. (SInv)
You are a herbivore.
You cover ground extremely quickly.
You need consume almost no food.


Message History

Katzbalger's ghost is lightly damaged.
Katzbalger's ghost hits you.
You closely miss katzbalger's ghost.
Katzbalger's ghost is lightly damaged.
Katzbalger's ghost closely misses you.
You hit katzbalger's ghost.
Katzbalger's ghost is lightly damaged.
Katzbalger's ghost stops glowing.
Katzbalger's ghost hits you.
You hit katzbalger's ghost.
Katzbalger's ghost is moderately damaged.
You barely miss katzbalger's ghost.
Katzbalger's ghost is moderately damaged.
Katzbalger's ghost barely misses you.
You completely miss katzbalger's ghost.
Katzbalger's ghost is moderately damaged.
Katzbalger's ghost misses you.
You hit katzbalger's ghost.
Katzbalger's ghost is moderately damaged.
Katzbalger's ghost hits you!
You die...

##############
#.)...W@.....#
#.#.########.#
#.#..### #.#
#..†...# #.#
########'.....#
#.#
#......W...8..#
#.#
#..........(..#
#.#
###.............#
#.#
..'..).....>#####
#.#


You could see katzbalger's ghost.

Vanquished Creatures
  A scorpion (D:4)
  An orc wizard (D:3)
  An orc priest (D:3)
  2 centaur skeletons (D:4)
  Jessica (D:3)
  Natasha (twice) (D:2 D:4)
  A hound zombie (D:4)
  4 adders
  4 river rats (D:3)
  2 oozes
  3 worms
  A dart slug (D:2)
  3 leopard geckos (D:3)
  12 orcs (D:3)
  4 giant cockroaches
  10 goblins
  6 hobgoblins
  4 jackals
  3 quokkas (D:2)
  4 bats
  9 frilled lizards
  6 kobolds
  A quokka skeleton (D:4)
  7 rats
92 creatures vanquished.

Notes
Turn   | Place    | Note
-------+----------+-------------------------------------------
     0 | D:1      | Harunobu the Spriggan Enchanter began the quest for the Orb.
     0 | D:1      | Reached XP level 1. HP: 9/9 MP: 5/5
   593 | D:1      | Reached XP level 2. HP: 9/13 MP: 4/6
   611 | D:1      | Learned a level 2 spell: Ensorcelled Hibernation
   911 | D:1      | Reached skill level 5 in Stealth
  1616 | D:2      | Reached XP level 3. HP: 16/16 MP: 6/8
  1849 | D:2      | Noticed Natasha
  1854 | D:2      | Killed Natasha
  1854 | D:2      | Reached skill level 6 in Stealth
  1854 | D:2      | Reached XP level 4. HP: 21/21 MP: 9/9
  2064 | D:2      | Found a deep blue altar of Sif Muna.
  2785 | D:3      | Noticed Jessica
  3098 | D:3      | Killed Jessica
  3255 | D:3      | Reached XP level 5. HP: 19/24 MP: 7/11
  3318 | D:3      | Reached skill level 1 in Ice Magic
  4074 | D:3      | Reached skill level 7 in Stealth
  5034 | D:3      | Reached XP level 6. HP: 28/28 MP: 12/12
  5202 | D:4      | Noticed katzbalger's ghost (amateur FeCK)
  5266 | D:4      | Reached skill level 5 in Hexes
  5691 | D:4      | Noticed Natasha
  5699 | D:4      | Killed Natasha
  5814 | D:4      | Noticed Robin
  5918 | D:4      | Slain by katzbalger's ghost

Vault maps used:
D:1:      matt_arrival_spirals
D:2:      led_sif_pool, first_ration, kennysheep_generic_room_7, uniq_natasha
D:3:      wad_river_or_something, gup_sewer_entry_spiral, uniq_jessica
D:4:      serial_shops, nicolae_shop_stone, serial_undead, serial_undead_a,
          serial_undead_d, serial_undead_a, serial_undead_a, uniq_edmund,
          uniq_duvessa, uniq_robin

Skill      XL: |  1  2  3  4  5  6 |
---------------+-------------------+-----
Stealth        | 5 6 7 |  7.6
Hexes          | 4 5 |  5.0
Spellcasting   | 3 4 |  4.3
Dodging        | 4 |  4.4
Ice Magic      | 1 |  1.9
Short Blades   | 2 |  2.0
Fighting       | |  0.3

Action                   |  1- 3 |  4- 6 || total
-------------------------+-------+-------++-------
Melee: Dagger            |    39 |   174 ||   213
 Cast: Corona            |     5 |    11 ||    16
       Ensorcelled Hiber |     7 |    87 ||    94
  Use: Scroll            |     3 |     1 ||     4
 Stab: Sleeping          |    17 |    59 ||    76
       Distracted        |       |     1 ||     1
  Eat: Ration            |       |     3 ||     3
Armor: Robe              |     4 |     9 ||    13
Dodge: Dodged            |    16 |   155 ||   171

Table legend:
 A = Spawn XP
 B = Non-spawn XP
 C = Spawn XP percentage of total XP
 D = Spawn monster count
 E = Non-spawn monster count
 F = Spawn count percentage of total count
 G = Total turns spent on level
                    A         B        C        D         E        F      G
               +---------+---------+-------+---------+---------+-------+---------
         Total |       0 |     628 |   0.0 |       0 |      92 |   0.0 |  5918
               +---------+---------+-------+---------+---------+-------+---------
           D:1 |       0 |      19 |   0.0 |       0 |      13 |   0.0 |  1024
           D:2 |       0 |     104 |   0.0 |       0 |      19 |   0.0 |  2141
           D:3 |       0 |     286 |   0.0 |       0 |      51 |   0.0 |  2209
           D:4 |       0 |     219 |   0.0 |       0 |       9 |   0.0 |   544
               +---------+---------+-------+---------+---------+-------+---------
